 Dungeon Crawl Stone Soup version 0.27.0-1-g7a089689b8 (webtiles) character file.

Game seed: 4497658470159268893

284 freelancePsychic the Magician (level 6, -2/46 HPs)
             Began as a Djinni Fire Elementalist on Aug 14, 2021.
             Was an Initiate of Makhleb.
             Slain by Pikel (9 damage)
             ... on level 4 of the Dungeon on Aug 15, 2021.
             The game lasted 00:07:16 (4817 turns).

freelancePsychic the Magician (DjFE)                Turns: 4817, Time: 00:07:17

Health: -2/46      AC:  4    Str:  5 (7)  XL:     6   Next: 54%
Gold:   110        EV:  9    Int: 18 (19) God:    Makhleb [......] SH:  0 Dex: 10 (13)

rFire    + + .     SeeInvis .   c - +2 whip (elec)
rCold    x . .     Faith    .   (no shield)
rNeg     . . .     Spirit   .   a - +0 robe
rPois    ∞         Reflect  .   j - +0 helmet
rElec    .         Harm     .   (no cloak)
rCorr    .         Rampage  .   f - +0 pair of gloves
Will     .....                  (boots unavailable)
Stlth    ++........             (no amulet)
HPRegen  0.15/turn              (no ring)
MPRegen  0.00/turn              (no ring)

@: mighty, flying, constricted
A: sickness immunity, fire resistance 2, cold vulnerability 1, float, innate
caster, hp casting, extra vitality 1
a: Renounce Religion


You were on level 4 of the Dungeon.
You worshipped Makhleb.
Makhleb was noncommittal.
You visited 1 branch of the dungeon, and saw 4 of its levels.

You collected 110 gold pieces.

Inventory:

Hand Weapons
 c - a +2 whip of electrocution (weapon)
 e - the +8 trident of the Octopus King {venom, rElec rPois Will+}
   (You took it off a gnoll on level 4 of the Dungeon)

   It poisons the flesh of those it strikes.
   rElec:     It insulates you from electricity.
   rPois:     It protects you from poison.
   Will:      It increases your willpower.
Armour
 a - a +0 robe (worn)
 f - a +0 pair of gloves (worn)
 i - a +0 tower shield
 j - a +0 helmet (worn)
Scrolls
 g - a scroll of identify {@r1}
Potions
 b - a potion of might


   Skills:
 + Level 3.2 Fighting
 - Level 2.1 Dodging
 - Level 1.5 Stealth
 * Level 4.5 Spellcasting


You couldn't memorise any spells.
You knew the following spells:

 Your Spells              Type           Power      Damage    Failure   Level
a - Foxfire               Conj/Fire      80%        2x1d8     2%          1
b - Conjure Flame         Conj/Fire      20%        6-21      6%          3
c - Inner Flame           Hex/Fire       20%        N/A       6%          3
d - Sticky Flame          Conj/Fire      20%        2d4       22%         4
e - Fireball              Conj/Fire      10%        3d6       52%         5
f - Apportation           Tloc           40%        N/A       2%          1
g - Passwall              Tmut/Erth      16%        N/A       3%          2
Your spell library was empty.

Dungeon Overview and Level Annotations

Branches:
Dungeon (4/15)
 Temple: D:4-7

Altars:
Makhleb
Sif Muna

Annotations:
D:4 Pikel


Innate Abilities, Weirdness & Mutations

You are immune to sickness and miasma.
You are immune to poison.
Your flesh is very heat resistant. (rF++)
You are vulnerable to cold. (rC-)
You float through the air rather than walking.
You learn spells naturally, not from books.
Your magical power is your life essence.
You have superior vitality. (+4 HP)


Message History

It was a potion of flight.
You feel more buoyant.
A goblin comes into view. It is wielding a +0 dagger.
The ball python closely misses you. The ball python bites you.
* * * LOW HITPOINT WARNING * * *
The ball python constricts you.
You closely miss the ball python.
A quokka comes into view.
The ball python barely misses you.
The ball python bites you but does no damage.
The ball python constricts you. The ball python bites you.
* * * LOW HITPOINT WARNING * * *
You escape the ball python's grasp.
You see here a giant cockroach corpse.
Okay, then.
Okay, then.
You aren't carrying any items that you can evoke without wielding.
Unknown command.
Casting: Inner Flame (dangerous; 6% risk of failure)
Confirm with . or Enter, or press ? or * to list all spells.
Aiming: Inner Flame (dangerous; 6% risk of failure)
Press: ? - help, Shift-Dir - straight line Pikel is filled with an inner flame.
* * * LOW HITPOINT WARNING * * *
Pikel is engulfed in blazing flames.
Flame seeps out of Pikel.
The ball python closely misses you. The ball python grabs you.
The ball python constricts you.
You whack Pikel!
Flame seeps out of Pikel.
Pikel is heavily wounded.
The ball python barely misses you. The ball python constricts you.
Pikel is engulfed in blazing flames.
Flame seeps out of Pikel.
Pikel hits you but does no damage.
You completely miss Pikel.
Pikel is severely wounded.
The ball python barely misses you.
* * * LOW HITPOINT WARNING * * *
The ball python constricts you.
Pikel is engulfed in blazing flames.
Flame seeps out of Pikel.
Pikel hits you with a +0 whip of flaming!
You die...

..# ... #.. #..
#..####### #
..#..JgK...# .#.#.
..Jg..rS##.#..?...
#.....#S##........
..#####@####.#..o.
# #K# .# #. #.# #
#.# #5# .5> # ...
# #.. ....


You could see Pikel (inner flame), 2 lemures, an endoplasm, a quokka, a
hobgoblin, 2 ball pythons and a kobold.

Vanquished Creatures
  2 lemures (D:4)
  A scorpion (D:4)
  A hound (D:4)
  An orc wizard (D:4)
  2 hound skeletons (D:4)
  An adder (D:4)
  5 gnolls
  2 worms
  2 dart slugs (D:2)
  10 orcs
  2 endoplasms
  5 giant cockroaches
  4 goblins
  5 hobgoblins
  3 jackals (D:1)
  5 kobolds
  2 quokkas
  2 ball pythons
  8 bats
  2 frilled lizards (D:1)
  6 rats
71 creatures vanquished.

Vanquished Creatures (others)
  245 foxfires
245 creatures vanquished.

Grand Total: 316 creatures vanquished

Notes
Turn   | Place    | Note
-------+----------+-------------------------------------------
     0 | D:1      | freelancePsychic the Djinni Fire Elementalist began the
                  | quest for the Orb.
     0 | D:1      | Reached XP level 1. HP: 15/15 MP: 0/0
   107 | D:1      | Reached XP level 2. HP: 6/22 MP: 0/0
   781 | D:1      | Reached skill level 1 in Fighting
   783 | D:1      | Found a faded altar of an unknown god.
   935 | D:2      | Reached XP level 3. HP: 17/27 MP: 0/0
   935 | D:2      | Learned a level 1 spell: Apportation
   995 | D:2      | Reached skill level 3 in Spellcasting
  2096 | D:3      | Reached XP level 4. HP: 30/32 MP: 0/0
  3199 | D:3      | Reached XP level 5. HP: 27/38 MP: 0/0
  3199 | D:3      | Learned a level 2 spell: Passwall
  3337 | D:3      | Found a burning altar of Makhleb.
  3353 | D:3      | Became a worshipper of Makhleb the Destroyer
  4265 | D:4      | Reached skill level 4 in Spellcasting
  4265 | D:4      | Reached XP level 6. HP: 22/45 MP: 0/0
  4570 | D:4      | HP: 2/46 [orc priest/divine providence (12)]
  4797 | D:4      | Noticed Pikel
  4817 | D:4      | Slain by Pikel

Illustrated notes

Levels and vault maps discovered:
D:1:      saegor_arrival_under_anarchy, layout_loops_ring,
          ebering_ecumenical_altar_sacrificial, chequers_serial_rivers_small_3,
          wander_ebering_terrifying_dragon_lair
D:2:      layout_loops_ring, eino_curves_01
D:3:      layout_basic, overflow_temple_1_default
D:4:      layout_loops_ring, lemuel_doored_altar, minmay_bent, uniq_pikel

Skill      XL: |  1  2  3  4  5  6 |
---------------+-------------------+-----
Fighting       | 1 2 3 |  3.2
Spellcasting   | 3 4 |  4.5
Dodging        | |  2.1
Stealth        | |  1.5

Action                   |  1- 3 |  4- 6 || total
-------------------------+-------+-------++-------
Melee: Unarmed           |    15 |       ||    15
       Whip              |       |    29 ||    29
 Cast: Foxfire           |    82 |    72 ||   154
       Inner Flame       |       |    10 ||    10
  Use: Scroll            |       |     3 ||     3
       Potion            |       |     4 ||     4
Armor: Robe              |     5 |    13 ||    18
Dodge: Dodged            |    34 |    49 ||    83
